 Dungeon Crawl Stone Soup version 0.29-a0-330-g52719c12eb (webtiles) character file.

Game seed: 18150256187837920520

1534 dohliylev the Ruffian (level 8, -7/74 HPs)
             Began as a Troll Warper on May 30, 2022.
             Was a Priest of Okawaru.
             Killed from afar by a gargoyle (30 damage)
             ... with a stone arrow
             ... on level 6 of the Dungeon.
             The game lasted 00:10:03 (3844 turns).

dohliylev the Ruffian (Troll Warper)                Turns: 3844, Time: 00:10:04

Health: -7/74      AC:  5    Str: 28    XL:     8   Next: 55%
Magic:  9/9        EV: 10    Int:  9    God:    Okawaru [***...]
Gold:   216        SH:  0    Dex:  9    Spells: 8/10 levels left

rFire   . . .      SeeInvis .     - Unarmed
rCold   . . .      Faith    .   (no shield)
rNeg    . . .      Spirit   .   a - +0 robe
rPois   .          Reflect  .   (helmet restricted)
rElec   .          Harm     .   A - +0 cloak
rCorr   .          Rampage  .   (gloves unavailable)
Will    .....                   (boots unavailable)
Stlth   +.........              (no amulet)
HPRegen 1.02/turn               E - +6 ring of strength
MPRegen 0.11/turn               (no ring)

@: no status effects
A: large, unfitting armour, claws 3, regeneration 1, shaggy fur 1, tough skin 1
a: Renounce Religion, Heroism


You were on level 6 of the Dungeon.
You worshipped Okawaru.
Okawaru was most pleased with you.
You visited 2 branches of the dungeon, and saw 7 of its levels.

You collected 216 gold pieces.

Inventory:

Missiles
 c - 6 boomerangs of dispersal
 t - a boomerang (quivered)
 C - 2 javelins
Armour
 a - a +0 robe (worn)
 A - a +0 cloak (worn)
Jewellery
 E - a +6 ring of strength (left claw)
Scrolls
 b - 5 scrolls of blinking
 d - 4 scrolls of identify {unknown}
 g - a scroll of torment {unknown}
 h - 3 scrolls of teleportation {unknown}
 j - 3 scrolls of vulnerability {unknown}
 l - 3 scrolls of holy word {unknown}
 m - a scroll of magic mapping {unknown}
 p - a scroll of noise {unknown}
 q - a scroll of silence {unknown}
 s - a scroll of fog {unknown}
 v - a scroll of enchant armour {unknown}
 w - a scroll of enchant weapon {unknown}
 x - 4 scrolls of immolation {unknown}
 y - a scroll of brand weapon {unknown}
 D - a scroll of fear {unknown}
Potions
 e - a potion of mutation {unknown}
 f - 2 potions of berserk rage {unknown}
 i - a potion of flight {unknown}
 k - 2 potions of haste {unknown}
 n - a potion of invisibility {unknown}
 o - a potion of heal wounds {unknown}
 r - 2 potions of curing {unknown}
 u - 3 potions of might {unknown}
 z - a potion of cancellation {unknown}
 B - a potion of lignification {unknown}
 F - a potion of attraction {unknown}


   Skills:
 + Level 2.8 Fighting
 + Level 3.9 Throwing
 + Level 4.0 Dodging
 + Level 7.8 Unarmed Combat
 + Level 1.6 Spellcasting
 + Level 3.1 Translocations


You had 8 spell levels left.
You knew the following spells:

 Your Spells              Type           Power      Damage    Failure   Level
a - Blink                 Tloc           12%        N/A       14%         2

Your spell library contained the following spells:

 Spells                   Type           Power      Damage    Failure   Level
 Gell's Gravitas          Tloc           6%         N/A       28%         3
 Lesser Beckoning         Tloc           6%         N/A       28%         3
 Teleport Other           Tloc           6%         N/A       28%         3
 Shock                    Conj/Air       0%         1d3       34%         1
 Swiftness                Air            0%         N/A       71%         3
 Manifold Assault         Tloc           6%         N/A       95%         5
 Airstrike                Air            0%         N/A       98%         4


Dungeon Overview and Level Annotations

Branches:
Dungeon (6/15)             Temple (1/1) D:4

Altars:
Cheibriados
Dithmenos
Elyvilon
Fedhas
Gozag
Hepliaklqana
Kikubaaqudgha
Makhleb
Nemelex Xobeh
Okawaru
Qazlal
Ru
Sif Muna
Trog
Uskayaw
Vehumet
Wu Jian
Xom
Yredelemnul
Zin
The Shining One

Shops:
D:1 [   D:5 :

Annotations:
D:6 Dowan


Innate Abilities, Weirdness & Mutations

You are too large for most types of armour.
You have claws for hands.
Your natural rate of healing is unusually fast.
You are covered in fur. (AC +1)
You have tough skin. (AC +1)


Message History

The puff of frost hits you.
* * * LOW HITPOINT WARNING * * *
Dowan casts a spell at you.
You are outlined in light.
Found a scroll labelled ZOECAS NUCKISHI.
An iguana comes into view.
You see here a scroll labelled ZOECAS NUCKISHI.
Found a glowing silver altar of Zin.
You see here a +0 chain mail.
You are no longer glowing.
A gargoyle comes into view. It is wielding a +0 flail.
Found a runed quarterstaff.
Found a stone staircase leading down.
The gargoyle hurls a stone arrow at you.
The stone arrow hits you!!
Found 3 gold pieces.
The gargoyle attacks as you move away! The gargoyle misses you.
Dowan gestures wildly while chanting.
Dowan blinks!
The gargoyle attacks as you move away! The gargoyle barely misses you.
The gargoyle attacks as you move away! The gargoyle closely misses you.
Found a stone staircase leading down.
The gargoyle hurls a stone arrow at you.
The stone arrow hits you!
Dowan casts a spell.
Dowan blinks!
Found a stone staircase leading up.
An adder comes into view.
The adder hisses angrily.
The gargoyle hurls a stone arrow at you.
The stone arrow hits you!
* * * LOW HITPOINT WARNING * * *
A wight comes into view.
It is wielding a +3 trident of freezing.
A hound comes into view.
The hound barks!
You hear a shout! x2
An ice beast comes into view.
Found a stone staircase leading up.
The gargoyle hurls a stone arrow at you.
The stone arrow hits you!!
You die...

##.# # #.. ##...
.##......#
#....<#.........
...............#
Y.....#..#...#.#
#..<.....#.....
.##h....#.S..z.#
.......@....#
.#######.#.##
### #..## #.>
###.###.# ##9#.#
##l# #.# #.# #.#
.


You could see a gargoyle, an ice beast, an iguana, a hound, a wight and an
adder.

Vanquished Creatures
  Grinder (D:6)
  Sigmund (D:5)
  Menkaure (D:4)
  A sky beast (D:5)
  2 ice beasts (D:6)
  An orc warrior (D:6)
  A black bear (D:4)
  An ogre (D:4)
  A phantom (D:5)
  A necrophage (D:3)
  3 scorpions (D:5)
  An orc priest (D:4)
  2 iguanas
  7 adders
  An ufetubus (D:5)
  2 worms
  2 dart slugs
  12 orcs
  5 bats
  4 endoplasms
  6 goblins
  6 hobgoblins
  4 jackals (D:1)
  4 kobolds
  A quokka (D:4)
  4 ball pythons
  3 frilled lizards
  3 rats
81 creatures vanquished.

Notes
Turn   | Place    | Note
-------+----------+-------------------------------------------
     0 | D:1      | dohliylev the Troll Warper began the quest for the Orb.
     0 | D:1      | Reached XP level 1. HP: 19/19 MP: 1/1
   108 | D:1      | Reached XP level 2. HP: 27/27 MP: 2/2
   111 | D:1      | Learned a level 2 spell: Blink
   588 | D:1      | Found Munov's Antique Armour Emporium.
   859 | D:2      | Reached XP level 3. HP: 25/33 MP: 2/4
  1437 | D:3      | Reached XP level 4. HP: 33/42 MP: 5/5
  1464 | D:3      | Noticed a necrophage
  1473 | D:3      | Killed a necrophage
  1474 | D:3      | Reached skill level 3 in Unarmed Combat
  1552 | D:3      | Reached XP level 5. HP: 49/49 MP: 6/6
  1839 | D:4      | Found a staircase to the Ecumenical Temple.
  1867 | D:4      | Noticed Menkaure
  2057 | Temple   | Entered the Ecumenical Temple
  2134 | Temple   | Became a worshipper of Warmaster Okawaru
  2282 | D:4      | Reached skill level 4 in Unarmed Combat
  2348 | D:4      | Noticed an ogre
  2389 | D:5      | Entered Level 5 of the Dungeon
  2405 | D:5      | Noticed a sky beast
  2473 | D:5      | Killed a sky beast
  2474 | D:5      | Reached skill level 5 in Unarmed Combat
  2474 | D:5      | Reached XP level 6. HP: 54/57 MP: 7/7
  2492 | D:5      | Reached * piety under Okawaru
  2518 | D:5      | Reached skill level 1 in Throwing
  2523 | D:5      | Noticed Sigmund
  2959 | D:4      | Reached XP level 7. HP: 55/65 MP: 8/8
  3092 | D:4      | Reached skill level 6 in Unarmed Combat
  3365 | D:4      | Killed Menkaure
  3365 | D:4      | Reached ** piety under Okawaru
  3458 | D:5      | Found a glowing golden altar of the Shining One.
  3539 | D:5      | Killed Sigmund
  3540 | D:5      | Reached skill level 7 in Unarmed Combat
  3540 | D:5      | Reached XP level 8. HP: 33/74 MP: 9/9
  3635 | D:5      | Found Cairygeq's Book Boutique.
  3723 | D:6      | Noticed Grinder
  3753 | D:6      | Killed Grinder
  3753 | D:6      | Reached *** piety under Okawaru
  3759 | D:6      | Noticed Dowan
  3807 | D:6      | Found a glowing silver altar of Zin.
  3831 | D:6      | Noticed a gargoyle
  3844 | D:6      | Killed from afar by a gargoyle

Illustrated notes

Levels and vault maps discovered:
D:1:      lightli_molten_gateway, layout_basic, serial_shops,
          nicolae_shop_stone, roderic_serpentine_path
D:2:      layout_basic
D:3:      layout_basic, kennysheep_potato
D:4:      layout_loops_corners, temple_pool_b, uniq_menkaure
D:5:      layout_basic, old_standard_altar, serial_shops,
          nicolae_shop_waterfront, abandoned_shop, kennysheep_decorative_pillar,
          uniq_sigmund
D:6:      layout_loops_ring, zin_academy, hex_tiny, kennysheep_windowed_goal,
          uniq_duvessa, uniq_grinder
Temple:   mainiacjoe_temple_bowtie_tessellation

Skill      XL: |  1  2  3  4  5  6  7  8 |
---------------+-------------------------+-----
Dodging        | 2 3 4 |  4.0
Unarmed Combat | 3 5 7 |  7.8
Fighting       | 2 |  2.8
Throwing       | 1 3 |  3.9
Translocations | 3 |  3.1
Spellcasting   | |  1.6

Action                   |  1- 3 |  4- 6 |  7- 9 || total
-------------------------+-------+-------+-------++-------
Melee: Unarmed           |    92 |   101 |    54 ||   247
       Punch             |     1 |     1 |       ||     2
Throw: Boomerang         |       |    20 |    22 ||    42
       Javelin           |       |       |     2 ||     2
 Cast: Blink             |       |       |     4 ||     4
 Stab: Distracted        |       |       |     1 ||     1
Armor: Robe              |    25 |    40 |    17 ||    82
Dodge: Dodged            |    37 |    42 |    23 ||   102

Table legend: (Time is in decaauts)
 A = Elapsed time spent in this place.
 B = Non-inter-level travel time spent in this place.
 C = Inter-level travel time spent in this place.
 D = Time resting spent in this place.
 E = Time spent auto-exploring this place.
 F = Levels seen in this place.
 G = Mean time per level.
                   A        B        C        D        E       F      G
               +--------+--------+--------+--------+--------+-----+--------+
         Total |   3842 |   3682 |    160 |    250 |   2313 |   7 |  548.9 |
       Dungeon |   3650 |   3494 |    156 |    250 |   2146 |   6 |  608.3 |
        Temple |    191 |    187 |      4 |      0 |    167 |   1 |  191.0 |
               +--------+--------+--------+--------+--------+-----+--------+

Top non-repeatable levels by time:
     D:4: 939 daAuts
     D:3: 706 daAuts
     D:1: 659 daAuts
     D:2: 645 daAuts
     D:5: 580 daAuts
  Temple: 191 daAuts
     D:6: 119 daAuts
